 Dungeon Crawl Stone Soup version 0.27.1-35-g4d5d836560 (webtiles) character file.

Game seed: 8548197814307003801

4 Delamore the Sneak (level 1, -1/14 HPs)
             Began as an Octopode Brigand on May 19, 2022.
             Slain by a jackal (2 damage)
             ... on level 1 of the Dungeon.
             The game lasted 00:00:10 (178 turns).

Delamore the Sneak (Octopode Brigand)                Turns: 178, Time: 00:00:11

Health: -1/14      AC:  1    Str: 10    XL:     1   Next: 60%
Magic:  1/1        EV: 12    Int: 13    God:
Gold:   5          SH:  0    Dex: 13    Spells: 0/0 levels left

rFire    . . .     SeeInvis .   a - +2 dagger
rCold    . . .     Faith    .   (no shield)
rNeg     . . .     Spirit   .   (helmet restricted)
rPois    .         Reflect  .   (no amulet)
rElec    .         Harm     .   (no ring)
rCorr    .         Rampage  .   (no ring)
Will     .....                  (no ring)
Stlth    ++++......             (no ring)
HPRegen  0.04/turn              (no ring)
MPRegen  0.07/turn              (no ring)
                                (no ring)
                                (no ring)

@: no status effects
A: almost no armour, amphibious, 8 rings, camouflage 1, gelatinous body 1,
(nimble swimmer 1), tentacles
a: no special abilities


You were on level 1 of the Dungeon.
You visited 1 branch of the dungeon, and saw 1 of its levels.

You collected 5 gold pieces.

Inventory:

Hand Weapons
 a - a +2 dagger (weapon)
Missiles
 b - 8 poisoned darts (quivered)
 c - 2 curare-tipped darts
Potions
 d - a potion of magic {unknown}


   Skills:
 - Level 2.0 Fighting
 * Level 2.2 Short Blades
 + Level 2.1 Throwing
 - Level 1.0 Dodging
 - Level 5.3 Stealth


You couldn't memorise any spells.
You didn't know any spells.
Your spell library was empty.

Dungeon Overview and Level Annotations

Branches:
Dungeon (1/15)

Altars:


Innate Abilities, Weirdness & Mutations

You cannot wear most types of armour.
You are amphibious.
You can wear up to eight rings at the same time.
Your skin changes colour to match your surroundings (Stealth+).
Your rubbery body absorbs attacks. (AC +1, EV +1)
((You are camouflaged near water. (Stealth+)))
You have tentacles for arms and can constrict up to eight enemies at once.


Message History

You hit the kobold.
The kobold is heavily wounded.
You constrict the kobold, but do no damage.
The bat hits you but does no damage. The bat closely misses you.
The kobold hits you with a +0 short sword.
You hit the kobold but do no damage.
The kobold is heavily wounded.
You constrict the kobold. The bat hits you. The bat closely misses you.
The jackal closely misses you. The kobold hits you but does no damage.
The jackal barely misses you.
You hit the kobold.
You kill the kobold!
The bat hits you but does no damage. The jackal bites you.
The jackal barely misses you.
You hit the jackal. Your grab misses the jackal.
The jackal is moderately wounded.
The bat misses you.
The jackal bites you but does no damage.
The jackal misses you.
You hit the jackal. You grab the jackal.
The jackal is almost dead.
You constrict the jackal, but do no damage.
The bat barely misses you. The bat hits you. The jackal closely misses you. x2
The jackal bites you.
You are too injured to fight recklessly!
As you read the scroll labelled KOKIXUIGINE, it crumbles to dust.
Your body is wracked with pain!
* * * LOW HITPOINT WARNING * * *
The jackal convulses!
The bat convulses!
The jackal convulses!
The goblin convulses!
The hobgoblin convulses!
The jackal convulses!
It was a scroll of torment.
You constrict the jackal, but do no damage.
The bat closely misses you. The jackal misses you. The jackal bites you.
* * * LOW HITPOINT WARNING * * *
The jackal closely misses you. The goblin hits you with a +0 dagger.
* * * LOW HITPOINT WARNING * * *
The jackal barely misses you.
The jackal bites you but does no damage.
The jackal bites you.
You die...

#.........†# ####
###########.##)..#
..... #(#.#.#.#
.....######.......#
.............#.#.#.
..................#
..............#.#.#
.....b............#
.....gh@.......^...
####..ghh..........
#...h...........
.................
..................
.......#######...
..##### .. ..


You could see 4 jackals, a hobgoblin, a goblin and a bat.

Vanquished Creatures
  A dart slug (D:1)
  A kobold (D:1)
2 creatures vanquished.

Notes
Turn   | Place    | Note
-------+----------+-------------------------------------------
     0 | D:1      | Delamore the Octopode Brigand began the quest for the Orb.
     0 | D:1      | Reached XP level 1. HP: 14/14 MP: 1/1
   178 | D:1      | Slain by a jackal

Illustrated notes

Levels and vault maps discovered:
D:1:      dpeg_cavernosity, layout_basic, hex_tiny

Action                   || total
-------------------------++-------
Melee: Dagger            ||     8
       Constrict         ||     2
  Use: Scroll            ||     1
 Stab: Sleeping          ||     1
Armor: Skin              ||     6
Dodge: Dodged            ||    15
